 Dungeon Crawl Stone Soup version 0.31.0-32-g396128a36d (webtiles) character file.

Game seed: 5584029000838654195

95 James the Shield-Bearer (level 4, 0/37 HPs)
             Began as a Formicid Fighter on Mar 15, 2024.
             Slain by a gnoll
             ... wielding a +0 flail
              (7 damage)
             ... on level 3 of the Dungeon.
             The game lasted 00:04:51 (2283 turns).

James the Shield-Bearer (Formicid Fighter)          Turns: 2283, Time: 00:04:52

Health: 0/37       AC:  8    Str: 20    XL:     4   Next: 97%
Magic:  4/4        EV:  9    Int:  8    God:
Gold:   59         SH:  5    Dex: 15    Spells: 3/3 levels left

rFire   . . .        b - +0 sling
rCold   . . .        m - +0 buckler
rNeg    . . .        a - +0 scale mail
rPois   .            (helmet unavailable)
rElec   .            v - +0 cloak
rCorr   .            (no gloves)
SInv    +            (no boots)
Will    .....        (no amulet) Stlth
                     (no ring)
HPRegen 0.26/turn    (no ring)
MPRegen 0.09/turn

%: no passive effects
@: no status effects
A: permanent stasis, dig shafts and tunnels, antennae 3, four strong arms
a: Dig, Shaft Self


You were on level 3 of the Dungeon.
You visited 1 branch of the dungeon, and saw 3 of its levels.

You collected 59 gold pieces.

Inventory:

Hand Weapons
 b - a +0 sling (weapon)
   (You found it on level 2 of the Dungeon)
 r - a +0 dagger of holy wrath
   (You took it off a kobold on level 2 of the Dungeon)
 t - a +1 vampiric falchion {!w}
   (You found it on level 2 of the Dungeon)
Missiles
 u - 6 poisoned darts
Armour
 a - a +0 scale mail (worn)
 m - a +0 buckler (worn)
 s - a +0 leather armour
   (You found it on level 2 of the Dungeon)
 v - a +0 cloak (worn)
   (You found it on level 3 of the Dungeon)
 w - a +0 leather armour
   (You took it off an orc on level 2 of the Dungeon)
 y - a +0 leather armour
   (You found it on level 3 of the Dungeon)
Magical Staves
 q - a staff of death
   (You found it on level 2 of the Dungeon)
Jewellery
 d - an amulet of faith {!P}
   (You found it on level 1 of the Dungeon)
Scrolls
 e - a scroll of revelation {unknown}
 f - 8 scrolls of identify {unknown}
 g - a scroll of summoning {unknown}
 h - a scroll of noise {unknown}
 k - 3 scrolls of teleportation {unknown}
 l - 2 scrolls of silence {unknown}
 n - a scroll of poison {unknown}
Potions
 c - a potion of might
 i - a potion of attraction {unknown}
 j - 2 potions of curing {unknown}
 o - a potion of magic {unknown}
 p - a potion of ambrosia {unknown}
 x - a potion of mutation {unknown}


   Skills:
 - Level 3.8 Fighting
 + Level 2.3 Ranged Weapons
 - Level 4.1 Armour
 - Level 4.5 Shields
 - Level 2.0 Unarmed Combat


You had 3 spell levels left.
You didn't know any spells.
Your spell library contained the following spells:

 Spells                   Type           Power      Damage    Failure   Level
 Fugue of the Fallen      Necr           0%         N/A       99%         3
 Ozocubu's Armour         Ice            0%         N/A       99%         3
 Manifold Assault         Tloc           0%         N/A       100%        4


Dungeon Overview and Level Annotations

Branches:
Dungeon (3/15)

Altars:

Shops:
D:2 (**


Innate Abilities, Weirdness & Mutations

You cannot be hasted, slowed, berserked, paralysed or teleported.
You can dig through walls and to a lower floor.
You have a pair of large antennae on your head. (SInv)
Your four strong arms can wield two-handed weapons with a shield.


Message History

You shoot a sling bullet. The sling bullet hits the gnoll!
You kill the gnoll!
You shoot a sling bullet. The sling bullet hits the gnoll.
You block the gnoll's attack.
You shoot a sling bullet.
The sling bullet barely misses the gnoll.
You block the gnoll's attack.
You shoot a sling bullet.
The sling bullet closely misses the gnoll.
The gnoll hits you with a +0 flail. The gnoll closely misses you.
You are now empty-handed.
You hit the gnoll. The gnoll hits you with a +0 flail.
You hit the gnoll but do no damage. The gnoll barely misses you.
You barely miss the gnoll. The gnoll hits you with a +0 flail.
You hit the gnoll. The gnoll completely misses you.
You hit the gnoll but do no damage. The gnoll hits you with a +0 flail.
You closely miss the gnoll. You block the gnoll's attack.
You barely miss the gnoll. You block the gnoll's attack.
You hit the gnoll but do no damage. The gnoll hits you with a +0 flail!
* * * LOW HITPOINT WARNING * * *
You barely miss the gnoll. You block the gnoll's attack.
You barely miss the gnoll. The gnoll hits you with a +0 flail.
* * * LOW HITPOINT WARNING * * *
b - a +0 sling (weapon)
Fire: b) +0 sling
Press: ? - help, Q - select action, (/) - cycle Shift-Dir - straight line, f/p - gnoll
Aim: a gnoll, wielding a +0 flail (severely wounded, 61% to hit)
You shoot a sling bullet.
The sling bullet barely misses the gnoll.
The gnoll hits you with a +0 flail.
* * * LOW HITPOINT WARNING * * *
You block the gnoll's attack.
Fire: b) +0 sling
Press: ? - help, Q - select action, (/) - cycle Shift-Dir - straight line, f/p - gnoll
Aim: a gnoll, wielding a +0 flail (severely wounded, 61% to hit)
You shoot a sling bullet.
The sling bullet closely misses the gnoll.
The gnoll closely misses you.
Fire: b) +0 sling
Press: ? - help, Q - select action, (/) - cycle Shift-Dir - straight line, f/p - gnoll
Aim: a gnoll, wielding a +0 flail (severely wounded, 61% to hit)
You shoot a sling bullet.
The sling bullet barely misses the gnoll.
The gnoll closely misses you. x2
Fire: b) +0 sling
Press: ? - help, Q - select action, (/) - cycle Shift-Dir - straight line, f/p - gnoll
Aim: a gnoll, wielding a +0 flail (severely wounded, 61% to hit)
You shoot a sling bullet. The sling bullet hits the gnoll.
The gnoll hits you with a +0 flail!
You die...

########### ###
#)...@g)..# ..
###.##.####.# .#####.
#..(....###.####.......
#.#......##....g....#
#.#.#...########)......
#######.#.##.## ....#.#
#.........##.# ..###
###.#####.####.# g.#
#.. #.####.## ..#


You could see a gnoll.

Vanquished Creatures
  A gnoll (D:3)
  4 adders
  3 ribbon worms
  An orc (D:2)
  6 ball pythons
  2 endoplasms
  2 giant cockroaches
  2 goblins (D:1)
  6 hobgoblins
  4 jackals (D:1)
  2 quokkas
  3 bats
  3 frilled lizards
  2 kobolds
  2 rats (D:1)
43 creatures vanquished.

Notes
Turn   | Place    | Note
-------+----------+-------------------------------------------
     0 | D:1      | James the Formicid Fighter began the quest for the Orb.
     0 | D:1      | Reached XP level 1. HP: 18/18 MP: 1/1
   342 | D:1      | Reached XP level 2. HP: 22/24 MP: 2/2
   501 | D:1      | Found a faded altar of an unknown god.
   546 | D:1      | Reached XP level 3. HP: 29/29 MP: 3/3
   940 | D:2      | Found Zoeph's General Store.
   987 | D:2      | Reached XP level 4. HP: 36/37 MP: 4/4
  1092 | D:2      | Found Vesoliok's Antique Weapon Shoppe.
  1426 | D:2      | Reached skill level 1 in Ranged Weapons
  1474 | D:2      | Found Guzuwyuz's Assorted Antiques.
  2283 | D:3      | Slain by a gnoll

Illustrated notes

Levels and vault maps discovered:
D:1:      dpeg_arrival_ternary, layout_basic, basic_ecumenical_altar
D:2:      layout_rooms, serial_shops, nicolae_shop_pleasant_corner_grove, shop,
          shop, serial_corexii_hall, corexii_hall_statues_x,
          chequers_hall_statues_corner_a, grunt_decor_fettered
D:3:      layout_loops_corners, nicolae_tso_besieged_by_evil,
          kennysheep_generic_room_3

Skill      XL: |  1  2  3  4 |
---------------+-------------+-----
Armour         | 4 |  4.1
Ranged Weapons | 2 |  2.3
Fighting       | |  3.8
Shields        | |  4.5
Unarmed Combat | |  2.0

Action                     |  1- 3 |  4- 6 || total
---------------------------+-------+-------++-------
  Melee: Unarmed           |   129 |    72 ||   201
   Fire: Sling             |     4 |    53 ||    57
 Armour: Scale mail        |    61 |    69 ||   130
  Dodge: Dodged            |    51 |    38 ||    89
  Block: Buckler           |    26 |    33 ||    59
